 Dungeon Crawl Stone Soup version 0.29.0-4-gdea44cf6ec (webtiles) character file.

Game seed: 14405631869108387139

236 qw the Chopper (level 5, -4/46 HPs)
             Began as a Minotaur Berserker on Sept 8, 2022.
             Was a Believer of Trog.
             Slain by Natasha (6 damage)
             ... on level 3 of the Dungeon.
             The game lasted 00:00:55 (3120 turns).

qw the Chopper (Minotaur Berserker)                 Turns: 3120, Time: 00:00:55

Health: -4/46      AC:  4    Str: 23    XL:     5   Next: 77%
Magic:  4/4        EV: 12    Int:  4    God:    Trog [**....]
Gold:   180        SH:  0    Dex: 10    Spells: 4/4 levels left

rFire   . . .      SeeInvis .   Y - +3 hand axe
rCold   . . .      Faith    .   (no shield)
rNeg    . . .      Spirit   .   c - +2 robe of Upuedam {rPois Regen+}
rPois   +          Reflect  .   (helmet restricted)
rElec   .          Harm     .   (no cloak)
rCorr   +          Rampage  .   (no gloves)
Will    .....                   (no boots)
Stlth   +.........              (no amulet)
HPRegen 0.95/turn               g - ring of resist corrosion
MPRegen 0.09/turn               (no ring)

@: on berserk cooldown, slowed, very slow
A: horns 2, retaliatory headbutt
a: Renounce Religion, Berserk, Trog's Hand


You were on level 3 of the Dungeon.
You worshipped Trog.
Trog was pleased with you.
You visited 1 branch of the dungeon, and saw 3 of its levels.

You collected 180 gold pieces.


Innate Abilities, Weirdness & Mutations

You have a pair of horns on your head.
You reflexively headbutt those who attack you in melee.


   Skills:
 - Level 4.0 Fighting
 + Level 7.4 Axes
 - Level 1.4 Throwing
 - Level 2.4 Armour
 - Level 2.1 Dodging


You had 4 spell levels left.
You didn't know any spells.
Your spell library was empty.

Inventory:

Hand Weapons
 e - a +0 club
 Y - a +3 hand axe (weapon)
Missiles
 h - a javelin (quivered)
Armour
 c - the +2 robe of Upuedam (worn) {rPois Regen+}
   (You found it on level 2 of the Dungeon)

   rPois:     It protects you from poison.
   Regen:     It increases your rate of health regeneration.
 d - a +0 ring mail
Jewellery
 g - a ring of resist corrosion (left hand)
Scrolls
 f - 3 scrolls of identify

Dungeon Overview and Level Annotations

Branches:
Dungeon (3/15)

Altars:

Shops:
D:1 ?

Annotations:
D:3 Natasha


Message History

You barely miss the ball python. The gnoll barely misses you.
The ball python closely misses you. The ball python grabs you.
The ball python constricts you.
A worm comes into view.
The gnoll barely misses you. The gnoll closely misses you.
You furiously retaliate!
You headbutt the gnoll. You barely miss the ball python. You hit the gnoll.
You barely miss the white imp.
3117 ||| RIP SEWER The walls and floor vibrate strangely for a moment.
The ball python barely misses you. The ball python constricts you.
The white imp hits you. The white imp freezes you.
The ball python bites you but does no damage.
The ball python constricts you. The gnoll barely misses you. x2
3118 ||| PLANNING D:1-11 You slash the ball python!
You kill the ball python!
Trog accepts your kill.
You can now call upon Trog for regeneration and willpower.
You hit something. You hit the gnoll.
You kill the gnoll!
Trog accepts your kill.
You hit the white imp. The white imp hits you. The white imp freezes you.
Something claws you. The gnoll barely misses you. The white imp hits you.
The white imp freezes you. Something claws you.
You hit the white imp but do no damage.
The white imp is moderately wounded.
You miss something.
The gnoll hits you from afar with a +0 spear.
The white imp shouts, "Slither home, thou craven motley-minded walking sirloin!"
The white imp closely misses you. You furiously retaliate!
You headbutt the white imp, but do no damage.
Something claws you. The gnoll closely misses you.
You barely miss the white imp. Your headbutt misses the white imp.
The white imp is moderately wounded.
You closely miss something. The white imp gestures at you.
The puff of frost hits you. Something claws you.
You die...

### #.#### #..... #.####
## #.# ...####### #.#
#........# #######.#
.........####.......####
......%@..).'...........
......)5.####.......#..#
.....g...# #.......#...
.........# #.......#...
......#+#####.......#...
..w(.............>#.#...
.#.##.#:#########.#.#...
#. #. #...#... #.#.#...


You could see a worm, a gnoll and a white imp (summoned).

Vanquished Creatures
  Natasha (D:3)
  Ijyb (D:3)
  Robin (D:3)
  7 gnolls
  5 adders
  2 dart slugs
  7 ball pythons
  An endoplasm (D:1)
  11 goblins
  6 hobgoblins
  4 jackals (D:2)
  5 quokkas
  3 bats
  2 frilled lizards
  4 kobolds
  2 rats
62 creatures vanquished.

Vanquished Creatures (others)
  40 plants (D:2)
40 creatures vanquished.

Grand Total: 102 creatures vanquished

Notes
Turn   | Place    | Note
-------+----------+-------------------------------------------
     0 | D:1      | qw the Minotaur Berserker began the quest for the Orb.
     0 | D:1      | Reached XP level 1. HP: 19/19 MP: 0/0
     0 | D:1      | 0 ||| qw: Version: 0.1-a-112-g44dc6cd
     0 | D:1      | 0 ||| qw: Game counter: 6735
     0 | D:1      | 0 ||| qw: Always use a shield: true
     0 | D:1      | 0 ||| qw: Do Orc after D:15 true
     0 | D:1      | 0 ||| qw: Do second Lair branch before Depths: true
     0 | D:1      | 0 ||| qw: Lair rune preference: random
     0 | D:1      | 0 ||| qw: Plans: Normal
     0 | D:1      | 0 ||| PLANNING D:1-11
   233 | D:1      | Found Plog's Magic Scroll Shoppe.
   240 | D:1      | 240 ||| SHOPLISTING scroll of enchant armour (97 gold, have
                  | 9).
   240 | D:1      | 240 ||| SHOPLISTING scroll of enchant weapon (97 gold, have
                  | 9).
   240 | D:1      | 240 ||| SHOPLISTING scroll of identify (26 gold, have 9).
   240 | D:1      | 240 ||| SHOPLISTING scroll of teleportation (39 gold, have
                  | 9).
   330 | D:1      | Reached skill level 4 in Axes
   433 | D:1      | Reached XP level 2. HP: 26/26 MP: 1/1
   790 | D:1      | Found a faded altar of an unknown god.
   835 | D:1      | 835 ||| Stepping ~*~*~tactically~*~*~ (stealth).
   954 | D:1      | 954 ||| UPGRADING to +0 ring mail.
   964 | D:1      | 964 ||| DROPPING +0 animal skin.
   965 | D:1      | 965 ||| UPGRADING to ring of resist corrosion.
   966 | D:1      | 966 ||| READING scroll labelled ZINWICIOSO.
   967 | D:1      | 967 ||| READING 5 scrolls labelled DUD UMALULEDU.
   988 | D:2      | Reached skill level 5 in Axes
   988 | D:2      | Reached XP level 3. HP: 31/31 MP: 2/2
  1028 | D:2      | 1028 ||| Stepping ~*~*~tactically~*~*~ (stealth).
  1048 | D:2      | 1048 ||| Stepping ~*~*~tactically~*~*~ (stealth).
  1049 | D:2      | 1049 ||| Stepping ~*~*~tactically~*~*~ (stealth).
  1050 | D:2      | 1050 ||| Stepping ~*~*~tactically~*~*~ (stealth).
  1051 | D:2      | 1051 ||| Stepping ~*~*~tactically~*~*~ (stealth).
  1060 | D:2      | Reached skill level 1 in Throwing
  1193 | D:2      | 1193 ||| Stepping ~*~*~tactically~*~*~ (stealth).
  1213 | D:2      | 1213 ||| Stepping ~*~*~tactically~*~*~ (stealth).
  1214 | D:2      | 1214 ||| Stepping ~*~*~tactically~*~*~ (stealth).
  1215 | D:2      | 1215 ||| Stepping ~*~*~tactically~*~*~ (stealth).
  1219 | D:2      | 1219 ||| Stepping ~*~*~tactically~*~*~ (stealth).
  1220 | D:2      | 1220 ||| Stepping ~*~*~tactically~*~*~ (stealth).
  1238 | D:2      | 1238 ||| INVOKING Berserk.
  1382 | D:2      | Reached XP level 4. HP: 39/39 MP: 3/3
  1399 | D:2      | Identified the +2 robe of Upuedam {rPois Regen+}
  1464 | D:2      | 1464 ||| Stepping ~*~*~tactically~*~*~ (stealth).
  1465 | D:2      | 1465 ||| Stepping ~*~*~tactically~*~*~ (stealth).
  1766 | D:2      | 1766 ||| INVOKING Berserk.
  1843 | D:2      | 1843 ||| INVOKING Berserk.
  1845 | D:2      | Reached skill level 6 in Axes
  2314 | D:2      | 2314 ||| UPGRADING to +2 robe of Upuedam {rPois Regen+}.
  2324 | D:2      | 2324 ||| READING 2 scrolls labelled WEPEGI VIHYLON.
  2325 | D:2      | 2325 ||| READING scroll labelled YCVIXO JARCHE.
  2326 | D:2      | 2326 ||| READING scroll labelled SEOSAP QAUF.
  2327 | D:2      | 2327 ||| READING scroll labelled LASIYLA OGHOI.
  2328 | D:2      | 2328 ||| READING 5 scrolls of identify.
  2328 | D:2      | 2328 ||| IDENTIFYING black potion
  2329 | D:2      | 2329 ||| READING 4 scrolls of identify.
  2329 | D:2      | 2329 ||| IDENTIFYING fizzy yellow potion
  2330 | D:2      | 2330 ||| DROPPING potion of attraction.
  2331 | D:2      | 2331 ||| DROPPING scroll of blinking.
  2332 | D:2      | 2332 ||| DROPPING potion of berserk rage.
  2360 | D:3      | 2360 ||| PLANNING SEWER
  2390 | D:3      | Noticed Natasha
  2393 | D:3      | 2393 ||| INVOKING Berserk.
  2396 | D:3      | Killed Natasha
  2397 | D:3      | Reached XP level 5. HP: 45/45 MP: 4/4
  2502 | D:3      | 2502 ||| READING scroll of enchant weapon.
  2502 | D:3      | 2502 ||| ENCHANTING +1 hand axe.
  2509 | D:3      | 2509 ||| READING scroll of enchant weapon.
  2509 | D:3      | 2509 ||| ENCHANTING +2 hand axe.
  2526 | D:3      | Noticed Ijyb
  2528 | D:3      | 2528 ||| INVOKING Berserk.
  2530 | D:3      | Killed Ijyb
  2767 | D:3      | 2767 ||| Stepping ~*~*~tactically~*~*~ (hiding).
  2879 | D:3      | Reached skill level 7 in Axes
  2881 | D:3      | Noticed Robin
  2887 | D:3      | 2887 ||| INVOKING Berserk.
  2891 | D:3      | Killed Robin
  3081 | D:3      | Reached ** piety under Trog
  3105 | D:3      | 3105 ||| Stepping ~*~*~tactically~*~*~ (stealth).
  3106 | D:3      | 3106 ||| INVOKING Berserk.
  3112 | D:3      | Noticed Natasha
  3117 | D:3      | 3117 ||| RIP SEWER
  3118 | D:3      | 3118 ||| PLANNING D:1-11
  3119 | D:3      | HP: 11/46 [gnoll/+0 spear (2)]
  3120 | D:3      | HP: 2/46 [white imp/puff of frost[Natasha] (5)]
  3120 | D:3      | Slain by Natasha

Levels and vault maps discovered:
D:1:      amcnicky_arrival_abandoned_market, layout_basic, serial_shops,
          nicolae_shop_crystal, hellmonk_ecumenical_altar_arch_garden,
          feat_on_display
D:2:      wad_woods_settlement, layout_basic
D:3:      layout_basic, gup_sewer_entry_bubbles, uniq_crazy_yiuf_cottage,
          uniq_robin, uniq_natasha, uniq_ijyb

Skill      XL: |  1  2  3  4  5 |
---------------+----------------+-----
Axes           | 4 5 6 7 |  7.4
Throwing       | 1 |  1.4
Fighting       | 4 |  4.0
Armour         | |  2.4
Dodging        | |  2.1

Action                   |  1- 3 |  4- 6 || total
-------------------------+-------+-------++-------
Melee: Hand axe          |    54 |    49 ||   103
       Headbutt          |     6 |     4 ||    10
       Punch             |     2 |       ||     2
Throw: Javelin           |    16 |    19 ||    35
Invok: Berserk           |     1 |     6 ||     7
  Use: Scroll            |     2 |     8 ||    10
Armor: Animal skin       |    10 |       ||    10
       Ring mail         |     7 |     1 ||     8
       Robe              |       |     6 ||     6
Dodge: Dodged            |    46 |    24 ||    70

Table legend:
 A = Non-vault XP
 B = Vault XP
 C = Vault XP percentage of total XP
 D = Non-vault monster count
 E = Vault monster count
 F = Vault count percentage of total count
                 A         B        C        D         E       F
            +---------+---------+-------+---------+---------+-------
      Total |     168 |     170 |  50.3 |      41 |      21 |  33.9
            +---------+---------+-------+---------+---------+-------
        D:1 |      28 |       0 |   0.0 |      16 |       0 |   0.0
        D:2 |      71 |      63 |  47.0 |      15 |       7 |  31.8
        D:3 |      69 |     107 |  60.8 |      10 |      14 |  58.3
            +---------+---------+-------+---------+---------+-------
